 Dungeon Crawl Stone Soup version 0.27-a0-1071-ga85bd9520d (webtiles) character file.

Game seed: 18185179359070443297

59 senseless the Insei (level 4, -2/28 HPs)
             Began as an Octopode Transmuter on Apr 24, 2021.
             Slain by an iguana (9 damage)
             ... on level 4 of the Dungeon.
             The game lasted 00:03:17 (1662 turns).

senseless the Insei (Octopode Transmuter)           Turns: 1662, Time: 00:03:18

Health: -2/28      AC:  1    Str:  9    XL:     4   Next: 3%
Magic:  7/7        EV: 13    Int: 15    God:
Gold:   53         SH:  0    Dex: 13    Spells: 6/7 levels left

rFire    . . .     SeeInvis .     - Unarmed
rCold    . . .     Faith    .   (no shield)
rNeg     . . .     Spirit   .   (helmet currently unavailable)
rPois    .         Reflect  .   (no amulet)
rElec    .         Harm     .   (no ring)
rCorr    .         Rampage  .   (no ring)
Will     .....                  (no ring)
Stlth    +++.......             (no ring)
HPRegen  0.09/turn              (no ring)
MPRegen  0.10/turn              (no ring)
                                (no ring)
                                (no ring)

@: appendages (expiring)
A: tentacle spike 3, almost no armour, amphibious, 8 rings, camouflage 1,
gelatinous body 1, (nimble swimmer 1), tentacles
a: End Transformation


You were on level 4 of the Dungeon.
One of your tentacles had grown a beastly spike.
You visited 1 branch of the dungeon, and saw 3 of its levels.

You collected 53 gold pieces.

Inventory:

Wands
 a - a wand of flame (22)
Potions
 b - a potion of invisibility
 c - a potion of berserk rage {unknown}
 d - 2 potions of heal wounds
 e - a potion of ambrosia {unknown}
 f - a potion of brilliance {unknown}


   Skills:
 + Level 1.3 Fighting
 + Level 2.1 Dodging
 + Level 1.4 Stealth
 + Level 3.7 Unarmed Combat
 + Level 2.4 Spellcasting
 + Level 2.5 Transmutations


You had 6 spell levels left.
You knew the following spells:

 Your Spells              Type           Power      Damage    Failure   Level
a - Beastly Appendage     Tmut           18%        N/A       8%          1

Your spell library contained the following spells:

 Spells                   Type           Power      Damage    Failure   Level
 Wereblood                Tmut           9%         N/A       12%         2
 Spider Form              Tmut/Pois      2%         N/A       36%         3
 Ice Form                 Ice/Tmut       5%         N/A       77%         4
 Hydra Form               Tmut           4%         N/A       91%         5


Dungeon Overview and Level Annotations

Branches:
Dungeon (2/15)

Altars:


Innate Abilities, Weirdness & Mutations

One of your tentacles has grown a beastly spike.
You cannot wear most types of armour.
You are amphibious.
You can wear up to eight rings at the same time.
Your skin changes colour to match your surroundings (Stealth+).
Your rubbery body absorbs attacks. (AC +1, EV +1)
((You are camouflaged near water. (Stealth+)))
You have tentacles for arms and can constrict up to eight enemies at once.


Message History

HP restored.
Found a spear.
You see here 16 arrows.
Found a stone staircase leading up.
Unknown command.
c - a black potion
Found an escape hatch in the ceiling.
f - a grey potion You fall into a shaft and drop 2 floors!
The shaft crumbles and collapses.
Found a chain mail.
An iguana comes into view.
Found a scroll of identify.
Casting: Beastly Appendage (safe; 8% risk of failure)
Confirm with . or Enter, or press ? or * to list all spells.
One of your tentacles grows a vicious spike.
Found a fizzy grey potion.
The helpless iguana fails to defend itself.
You tentacle-slap the iguana but do no damage.
Your grab misses the iguana.
Your tentacle spike misses the iguana.
Your tentacle-slap misses the iguana.
You squeeze the iguana.
The iguana is moderately wounded.
You tentacle-slap the iguana but do no damage.
You grab the iguana.
The iguana is moderately wounded.
You constrict the iguana. The iguana bites you.
You tentacle-slap the iguana but do no damage.
The iguana is moderately wounded.
Your transformation is almost over.
You constrict the iguana, but do no damage.
The iguana bites you.
You tentacle-slap the iguana but do no damage.
The iguana is moderately wounded.
You constrict the iguana. The iguana bites you!
* * * LOW HITPOINT WARNING * * *
You are too injured to fight recklessly!
You tentacle-slap the iguana but do no damage.
The iguana is heavily wounded.
You constrict the iguana. The iguana bites you!
You die...

#.# #...[....?.# ###.#
#.#.#.###..#
#.#.####.#....##..#
......##.#.....#..####
#.#..#........../....#
#........###.###..##.#
#.#.#.##.# #.# #..#
#.....##.###.###..#
....####........@.#
#####
#####.####l.....# #.#
###...# ... !## #


You could see an iguana.

Vanquished Creatures
  Jessica (D:2)
  A dart slug (D:1)
  A ball python (D:1)
  4 endoplasms (D:1)
  5 giant cockroaches
  3 hobgoblins (D:1)
  2 jackals (D:1)
  A quokka (D:2)
  A bat (D:1)
  A frilled lizard (D:1)
  3 goblins (D:1)
  A kobold (D:1)
  5 rats
29 creatures vanquished.

Notes
Turn   | Place    | Note
-------+----------+-------------------------------------------
     0 | D:1      | senseless the Octopode Transmuter began the quest for the
                  | Orb.
     0 | D:1      | Reached XP level 1. HP: 13/13 MP: 3/3
   214 | D:1      | Reached XP level 2. HP: 15/18 MP: 3/5
   777 | D:1      | Reached XP level 3. HP: 14/23 MP: 4/6
   972 | D:1      | Found a faded altar of an unknown god.
  1427 | D:2      | Noticed Jessica
  1434 | D:2      | Killed Jessica
  1435 | D:2      | Reached skill level 1 in Stealth
  1447 | D:2      | Reached XP level 4. HP: 28/28 MP: 5/7
  1637 | D:2      | You fall into a shaft and drop 2 floors!
  1662 | D:4      | Slain by an iguana

Illustrated notes

Levels and vault maps discovered:
D:1:      minmay_arrival_doors, layout_basic, hellmonk_ecumenical_altar_zigzags
D:2:      layout_loops_cross, basic_altar, chequers_jeans, uniq_sigmund,
          uniq_jessica
D:4:      layout_loops_ring, uniq_grinder, uniq_natasha

Skill      XL: |  1  2  3 |
---------------+----------+-----
Stealth        | 1 |  1.4
Fighting       | |  1.3
Dodging        | |  2.1
Unarmed Combat | |  3.7
Spellcasting   | |  2.4
Transmutations | |  2.5

Action                   |  1- 3 |  4- 6 || total
-------------------------+-------+-------++-------
Melee: Unarmed           |    52 |     8 ||    60
       Tentacles         |     9 |     1 ||    10
       Constrict         |    12 |     2 ||    14
       Kick              |     8 |       ||     8
 Cast: Beastly Appendage |    20 |     2 ||    22
  Use: Scroll            |     3 |       ||     3
 Stab: Sleeping          |     8 |     1 ||     9
Armor: Skin              |     1 |       ||     1
Dodge: Dodged            |    16 |     1 ||    17

Table legend: (Time is in decaauts)
 A = Elapsed time spent in this place.
 B = Non-inter-level travel time spent in this place.
 C = Inter-level travel time spent in this place.
 D = Time resting spent in this place.
 E = Time spent auto-exploring this place.
 F = Levels seen in this place.
 G = Mean time per level.
                   A        B        C        D        E       F      G
               +--------+--------+--------+--------+--------+-----+--------+
         Total |   1657 |   1628 |     29 |    128 |   1310 |   3 |  552.3 |
       Dungeon |   1657 |   1628 |     29 |    128 |   1310 |   3 |  552.3 |
               +--------+--------+--------+--------+--------+-----+--------+

Top non-repeatable levels by time:
     D:1: 1379 daAuts
     D:2: 253 daAuts
     D:4: 24 daAuts
